 Dungeon Crawl Stone Soup version 0.31-a0-204-g7da18cac08 (webtiles) character file.

Game seed: 11661850729151648055

98 qw the Shooter (level 4, -2/23 (25) HPs)
             Began as a Deep Elf Hunter on June 27, 2023.
             Slain by Terence
             ... wielding the +7 Throatcutter {drain, coup de grace}
              (6 damage)
             ... on level 3 of the Dungeon.
             The game lasted 00:00:39 (1752 turns).

qw the Shooter (Deep Elf Hunter)                    Turns: 1752, Time: 00:00:40

HP:   -2/23 (25)    AC:  6    Str: 10    XL:     4   Next: 44%
MP:   6/6           EV: 11    Int: 14    God:
Gold: 153           SH:  0    Dex: 18    Spells: 3/3 levels left

rFire   . . .        Y - +1 shortbow
rCold   . . .        (shield currently unavailable)
rNeg    . . .        a - +0 ring mail
rPois   .            (no helmet)
rElec   .            (no cloak)
rCorr   .            b - +0 pair of gloves
SInv    .            (no boots)
Will    .....        (no amulet)
Stlth   +            (no ring)
HPRegen 0.23/turn    (no ring)
MPRegen 0.10/turn

%: no passive effects
@: drained
A: no striking features
a: no special abilities


You were on level 3 of the Dungeon.
You visited 1 branch of the dungeon, and saw 3 of its levels.

You collected 153 gold pieces.


   Skills:
 - Level 1.5 Fighting
 + Level 7.9 Ranged Weapons
 - Level 2.4 Dodging
 - Level 1.2 Stealth


You had 3 spell levels left.
You didn't know any spells.
Your spell library was empty.

Inventory:

Hand Weapons
 Y - a +1 shortbow (weapon)
Armour
 a - a +0 ring mail (worn)
 b - a +0 pair of gloves (worn)
Scrolls
 c - a scroll of teleportation {unknown}
 d - 3 scrolls of identify
 h - a scroll of fog {unknown}
Potions
 f - 2 potions of mutation {unknown}
 g - a potion of might

Dungeon Overview and Level Annotations

Branches:
Dungeon (3/15)

Altars:

Shops:
D:1 =

Annotations:
D:3 Terence


Message History

Enter note: You shoot an arrow.
The arrow hits the bat but does no damage.
You shoot an arrow. The arrow barely misses the bat.
The bat hits you but does no damage.
You shoot an arrow. The arrow hits the bat.
The bat is heavily wounded.
The bat hits you. The bat closely misses you.
The bat hits you but does no damage.
You shoot an arrow. The arrow hits the bat!
You kill the bat!
You start resting.
HP restored.
Found a stone staircase leading down.
Enter note:
Enter note:
Enter note: Terence and a centaur come into view.
Terence is wielding the +7 Throatcutter {drain, coup de grace} and wearing a +3 ring mail of cold resistance.
The centaur shouts!
The centaur moves out of view.
Enter note:
Enter note:
Enter note:
Enter note:
Enter note:
Enter note: You shoot an arrow.
The arrow closely misses Terence.
You shoot an arrow.
The arrow hits Terence but does no damage.
Terence completely misses you.
Terence hits you with the +7 Throatcutter {drain, coup de grace}!
You feel drained.
You shoot an arrow.
The arrow hits Terence but does no damage.
The centaur wields a +0 shortbow.
The centaur shoots an arrow.
The arrow hits you but does no damage.
The centaur shoots an arrow.
The arrow hits you.
Terence hits you with the +7 Throatcutter {drain, coup de grace}.
You die...

#...........###..##
#..#..####..# #....
#..#..# ##.###.##.
#..#..#####%....##.
#..#.....%....####.
#..##.#######.# #.
#..##.# #.# #.
#..##.# #.# #.
#.@##.# #.# #.
#..@..# #.# #.
#..c....# #.# #.
###..##.# #.# #.
..# # #. ..# ..#
..#


You could see a centaur and Terence.

Vanquished Creatures
  An orc wizard (D:3)
  An adder (D:2)
  4 worms (D:2)
  3 orcs (D:3)
  A bat (D:3)
  An endoplasm (D:2)
  A giant cockroach (D:2)
  3 hobgoblins
  7 jackals
  3 kobolds
  A quokka (D:2)
  5 ball pythons
  4 frilled lizards
  5 goblins
  8 rats
48 creatures vanquished.

Notes
Turn   | Place    | Note
-------+----------+-------------------------------------------
     0 | D:1      | qw the Deep Elf Hunter began the quest for the Orb.
     0 | D:1      | Reached XP level 1. HP: 12/12 MP: 3/3
     0 | D:1      | 0 ||| qw: Version: 0.3-a-22-g0ed2b0b
     0 | D:1      | 0 ||| qw: Game counter: 6441
     0 | D:1      | 0 ||| qw: Melee chars always use a shield: true
     0 | D:1      | 0 ||| qw: God list: Okawaru
     0 | D:1      | 0 ||| qw: Allow faded altars: false
     0 | D:1      | 0 ||| qw: Do Orc after clearing Dungeon:15 true
     0 | D:1      | 0 ||| qw: Do second Lair branch before Depths: true
     0 | D:1      | 0 ||| qw: Lair rune preference: random
     0 | D:1      | 0 ||| qw: Goals: Normal
     0 | D:1      | 0 ||| PLANNING D:1-11
   212 | D:1      | Found Iluff's One-of-a-Kind Rings.
   217 | D:1      | 217 ||| SHOPLISTING +2 ring of evasion (72 gold, have 66).
   217 | D:1      | 217 ||| SHOPLISTING +7 ring of evasion (792 gold, have 66).
   217 | D:1      | 217 ||| SHOPLISTING ring of Aroedeig {rElec rC+ rN+ Str+3}
                  | (594 gold, have 66).
   217 | D:1      | 217 ||| SHOPLISTING ring of Departure {Wiz *Slow rPois
                  | Slay+5} (679 gold, have 66).
   291 | D:1      | Reached skill level 6 in Ranged Weapons
   291 | D:1      | Reached XP level 2. HP: 16/16 MP: 4/4
   541 | D:1      | 541 ||| READING 3 scrolls labelled TAAWKA MYNEATO.
   542 | D:1      | 542 ||| READING scroll labelled WUFEYME SOABB.
   543 | D:1      | 543 ||| READING scroll labelled KIONAIDDUS.
   544 | D:1      | 544 ||| DROPPING 2 scrolls of revelation.
   545 | D:1      | 545 ||| DROPPING scroll of butterflies.
   639 | D:2      | Reached XP level 3. HP: 20/20 MP: 5/5
   877 | D:2      | Reached skill level 7 in Ranged Weapons
  1264 | D:2      | 1264 ||| UPGRADING to +0 ring mail.
  1274 | D:2      | 1274 ||| UPGRADING to +0 pair of gloves.
  1279 | D:2      | 1279 ||| DROPPING +0 leather armour.
  1280 | D:2      | 1280 ||| READING 5 scrolls labelled XUFICL RUOQ.
  1281 | D:2      | 1281 ||| READING scroll labelled MAOGUA APLAE.
  1282 | D:2      | 1282 ||| READING 4 scrolls of identify.
  1282 | D:2      | 1282 ||| IDENTIFYING blue potion
  1283 | D:2      | 1283 ||| READING 3 scrolls of identify.
  1283 | D:2      | 1283 ||| IDENTIFYING golden potion
  1284 | D:2      | 1284 ||| READING 2 scrolls of identify.
  1284 | D:2      | 1284 ||| IDENTIFYING sapphire potion
  1285 | D:2      | 1285 ||| DROPPING potion of degeneration.
  1589 | D:3      | HP: 5/20 [orc wizard/+0 dagger (2)]
  1590 | D:3      | 1590 ||| DRINKING potion of heal wounds.
  1592 | D:3      | Reached XP level 4. HP: 25/25 MP: 6/6
  1749 | D:3      | Noticed Terence
  1749 | D:3      | Noticed a centaur
  1752 | D:3      | HP: 4/23 [centaur/arrow (5)]
  1752 | D:3      | Slain by Terence

Levels and vault maps discovered:
D:1:      dpeg_arrival_ratfight, layout_rooms, serial_corexii_hall,
          corexii_hall_statues_l, chequers_hall_statues_wall_a,
          minmay_misc_feat_square, nicolae_shop_unique_rings
D:2:      layout_loops_ring
D:3:      layout_loops_ring, minmay_liquid_box, uniq_sigmund, uniq_terence

Skill      XL: |  1  2  3 |
---------------+----------+-----
Ranged Weapons | 6 7 |  7.9
Fighting       | |  1.5
Dodging        | |  2.4
Stealth        | |  1.2

Action                     |  1- 3 |  4- 6 || total
---------------------------+-------+-------++-------
   Fire: Shortbow          |   116 |    18 ||   134
    Use: Scroll            |     8 |       ||     8
         Potion            |     1 |       ||     1
 Armour: Leather armour    |     9 |       ||     9
         Ring mail         |     9 |     4 ||    13
  Dodge: Dodged            |    44 |     8 ||    52

Table legend:
 A = Non-vault XP
 B = Vault XP
 C = Vault XP percentage of total XP
 D = Non-vault monster count
 E = Vault monster count
 F = Vault count percentage of total count
                 A         B        C        D         E       F
            +---------+---------+-------+---------+---------+-------
      Total |     136 |       5 |   3.5 |      43 |       5 |  10.4
            +---------+---------+-------+---------+---------+-------
        D:1 |      20 |       5 |  20.0 |      11 |       5 |  31.2
        D:2 |      50 |       0 |   0.0 |      15 |       0 |   0.0
        D:3 |      66 |       0 |   0.0 |      17 |       0 |   0.0
            +---------+---------+-------+---------+---------+-------
